Map: 永恒帝国-天梯版

Players

iGMacSed (MacSed) - Winner!

  • Race: Protoss Protoss
  • League: Master

iGCoffeeMs (Coffee)

  • Race: Terran Terran
  • League: Master

Event: DreamHack SC2 Masters 2020 Fall

VOD

Have the link to the VOD?

Description

Time

  • Played on: Sept. 2, 2020, 8:30 a.m.
  • Length: 5:11

All games in this series

Show
View Real Time Build Order
Export as new Build Order

iGMacSed Protoss - Winner!

Build Orders: 1 Gate Expand 

Get SALT Encoding   

  12  0:00  Probe  
  13  0:12  Probe  
  14  0:17  Pylon  
  14  0:24  Probe (Chrono Boost)  
  15  0:36  Probe (Chrono Boost)  
  15  0:40  Gateway  
  16  0:43  Probe (Chrono Boost)  
  16  0:49  Assimilator  
  17  0:51  Probe  
  18  1:03  Probe  
  19  1:15  Probe  
  20  1:27  Cybernetics Core  
  20  1:34  Nexus  
  20  1:37  Probe  
  21  1:43  Pylon  
  21  1:49  Probe  
  21  1:52  Assimilator  
  22  2:00  Stalker (Chrono Boost)  
  22  2:01  Probe  
  23  2:06  Warp Gate  
  25  2:13  Probe  
  26  2:23  Stalker  
  26  2:25  Probe  
  29  2:37  Probe, Shield Battery  
  30  2:46  Probe  
  30  2:49  Probe  
  32  2:54  Robotics Facility  
  32  2:59  Probe (Chrono Boost)  
  32  3:00  Sentry  
  32  3:02  Probe (Chrono Boost)  
  36  3:10  Probe (Chrono Boost)  
  36  3:12  Probe (Chrono Boost)  
  38  3:15  Probe (Chrono Boost)  
  38  3:16  Gateway  
  38  3:17  Probe (Chrono Boost)  
  40  3:22  Gateway  
  40  3:25  Probe  
  41  3:28  Probe  
  41  3:32  Pylon  
  39  3:37  Probe  
  39  3:38  Pylon  
  40  3:43  Observer (Chrono Boost)  
  41  3:54  Stalker  
  43  4:04  Immortal (Chrono Boost)  
  38  4:12  Stalker  
  38  4:14  Probe x2  
  42  4:19  Stalker  
  44  4:25  Stalker  
  44  4:39  Immortal (Chrono Boost)  
  48  4:48  Sentry  
  48  4:58  Stalker  
  48  5:03  Stalker  
Show
View Real Time Build Order
Export as new Build Order

iGCoffeeMs Terran 

Build Orders: 1/1/1 

Get SALT Encoding   

  12  0:00  SCV  
  13  0:12  SCV  
  14  0:17  Supply Depot  
  14  0:24  SCV  
  14  0:27  Refinery  
  15  0:38  SCV  
  16  0:46  Barracks  
  16  0:51  SCV  
  17  0:59  Supply Depot  
  17  1:05  SCV  
  18  1:17  SCV  
  19  1:33  Factory  
  19  1:34  Marine  
  20  1:40  Orbital Command  
  20  1:46  Refinery  
  20  1:53  Barracks Reactor  
  20  2:07  SCV  
  21  2:18  Starport  
  21  2:19  SCV  
  21  2:22  Widow Mine  
  24  2:26  Supply Depot  
  24  2:29  Marine x2  
  24  2:34  SCV  
  27  2:43  Widow Mine  
  29  2:47  Marine x2  
  31  2:57  Armory  
  31  3:04  Medivac  
  33  3:06  Supply Depot  
  33  3:09  Widow Mine  
  35  3:14  Marine x2  
  37  3:23  Supply Depot  
  37  3:31  Factory Tech Lab  
  37  3:32  Marine x2  
  39  3:52  Thor  
  45  4:03  Marine x2  
  43  4:19  Liberator  
  43  4:20  Marine  
  43  4:21  Marine  
  48  4:27  Supply Depot  

Tags
 
Add a new tag
Caveats
  • Supply blocks, unpowered buildings, or Contaminate may cause inaccurate times.
  • Supply counts are checked every 10 seconds.